 Dungeon Crawl Stone Soup version 0.30.1-3-gfc49f6343a (webtiles) character file.

Game seed: 8167581566382885564

979 spardeous the Conjurer (level 7, 0/50 HPs)
             Began as a Demigod Conjurer on Aug 4, 2023.
             Slain by a water moccasin (3 damage)
             ... on level 6 of the Dungeon.
             The game lasted 00:05:18 (6036 turns).

spardeous the Conjurer (Demigod Conjurer)           Turns: 6036, Time: 00:05:19

Health: 0/50       AC:  7    Str: 14    XL:     7   Next: 63%
Magic:  1/19       EV: 10    Int: 28    God:
Gold:   388        SH:  0    Dex: 12    Spells: 14/17 levels left

rFire   . . .        (no weapon)
rCold   + . .        (no shield)
rNeg    . . .        o - +0 ring mail
rPois   .            (no helmet)
rElec   .            j - +0 cloak
rCorr   .            (no gloves)
SInv    .            B - +0 pair of boots
Will    .....        w - amulet of regeneration
Stlth   +            n - ring "Liummudooph" {Fly Str+6}
HPRegen 1.08/turn    t - ring of protection from cold
MPRegen 0.16/turn

%: no passive effects
@: lethally poisoned (0 -> -22), flying
A: high MP 1, forlorn, divine attributes
a: no special abilities


You were on level 6 of the Dungeon.
You visited 1 branch of the dungeon, and saw 6 of its levels.

You collected 388 gold pieces.

Inventory:

Missiles
 C - 2 throwing nets
Armour
 a - a +0 robe
 j - a +0 cloak (worn)
 o - a +0 ring mail (worn)
 B - a +0 pair of boots (worn)
Jewellery
 c - a ring of ice
 n - the ring "Liummudooph" (left hand) {Fly Str+6}
   (You found it on level 2 of the Dungeon)

   [ring of strength]

   Str:       It affects your strength (+6).
   Fly:       It grants you flight.
 t - a ring of protection from cold (right hand)
 w - an amulet of regeneration (around neck)
Wands
 u - a wand of digging (5)
 y - a wand of flame (33)
 A - a wand of iceblast (6)
Scrolls
 d - 9 scrolls of identify {unknown}
 h - a scroll of fog {unknown}
 k - 4 scrolls of teleportation {unknown}
 l - 4 scrolls of amnesia {unknown}
 m - 3 scrolls of blinking {unknown}
 q - 3 scrolls of noise {unknown}
 r - 2 scrolls of enchant weapon {unknown}
 s - a scroll of enchant armour {unknown}
Potions
 b - a potion of magic
 e - a potion of flight {unknown}
 f - 4 potions of heal wounds {unknown}
 g - 4 potions of curing {unknown}
 i - a potion of degeneration {unknown}
 p - a potion of berserk rage {unknown}
 v - a potion of resistance {unknown}
 x - 2 potions of mutation {unknown}
 z - a potion of might {unknown}


   Skills:
 - Level 1.7 Dodging
 - Level 1.7 Stealth
 + Level 5.6 Spellcasting
 + Level 7.0 Conjurations


You had 14 spell levels left.
You knew the following spells:

 Your Spells              Type           Power      Damage    Failure   Level
a - Magic Dart            Conj           100%       1d8       1%          1
b - Searing Ray           Conj           94%        2d7       1%          2

Your spell library contained the following spells:

 Spells                   Type           Power      Damage    Failure   Level
 Dazzling Flash           Conj/Hex       54%        N/A       9%          3
 Hailstorm                Conj/Ice       27%        3d7       9%          3
 Freeze                   Ice            28%        1d5       13%         1
 Slow                     Hex            28%        N/A       13%         1
 Ensorcelled Hibernation  Hex/Ice        14%        N/A       21%         2
 Flame Wave               Conj/Fire      27%        2d9       30%         4
 Fulminant Prism          Conj/Hex       13%        3d8       30%         4
 Iskenderun's Mystic Bla  Conj/Tloc      27%        2d7       30%         4
 Sticky Flame             Conj/Fire      27%        2d5       30%         4
 Call Canine Familiar     Summ           7%         N/A       36%         3
 Confusing Touch          Hex            7%         N/A       36%         3
 Frozen Ramparts          Ice            14%        1d3       36%         3
 Inner Flame              Hex/Fire       7%         N/A       36%         3
 Portal Projectile        Hex/Tloc       14%        N/A       36%         3
 Vampiric Draining        Necr           7%         2d6       36%         3
 Anguish                  Hex/Necr       3%         N/A       78%         4
 Ice Form                 Ice/Tmut       7%         N/A       78%         4
 Leda's Liquefaction      Hex/Erth       3%         N/A       78%         4
 Summon Ice Beast         Ice/Summ       7%         N/A       78%         4


Dungeon Overview and Level Annotations

Branches:
Dungeon (6/15)             Temple (0/1) D:4

Shops:
D:2 (   D:3 :   D:4 :


Innate Abilities, Weirdness & Mutations

You have an increased reservoir of magic. (+10% MP)
You shall have no god before yourself.
Your divine heritage dramatically boosts your attributes as you level up.


Message History

Aiming: Searing Ray (safe; 1% risk of failure)
Press: ? - help, Shift-Dir - straight line, f/p - water moccasin
Aim: a water moccasin (heavily wounded, 70% to hit)
The searing ray misses the water moccasin. (Press . to maintain the ray.)
You feel sick. The water moccasin barely misses you.
You take 1 damage, and have 30/50 hp.
You now have 5/19 mp.
The searing ray misses the water moccasin.
You feel sick. The water moccasin bites you.
The water moccasin bites you but does no damage.
You take 3 damage, and have 27/50 hp.
You now have 4/19 mp.
The searing ray misses the water moccasin.
You feel sick. The water moccasin bites you.
You are more poisoned.
The water moccasin poisons you!
You take 4 damage, and have 23/50 hp.
The searing ray hits the water moccasin.
The water moccasin is severely wounded.
You finish channelling your searing ray.
You feel very sick. The water moccasin bites you!
* * * LOW HITPOINT WARNING * * *
You are lethally poisoned!
The water moccasin poisons you! The water moccasin bites you.
* * * LOW HITPOINT WARNING * * *
You are more poisoned.
The water moccasin poisons you!
Your magical contamination has completely faded away.
You take 12 damage, and have 11/50 hp.
MASSIVE DAMAGE!!
You now have 3/19 mp.
Casting: Searing Ray (safe; 1% risk of failure)
Confirm with . or Enter, or press ? or * to list all spells.
Aiming: Searing Ray (safe; 1% risk of failure)
Press: ? - help, Shift-Dir - straight line, f/p - water moccasin
Aim: a water moccasin (severely wounded, 70% to hit)
The searing ray misses the water moccasin. (Press . to maintain the ray.)
* * * LOW HITPOINT WARNING * * *
You feel extremely sick. The water moccasin bites you.
You die...

### ##.###########
###.#..........#######.#
.....†.........S........
.##...########.#@#####
..###)# #...#.#.#
......# #.....#####.####
..#####
#...#...)....c.... .##
##.##..#####.....# ## #.
#..# .##.# # . #..# #
### # #..# #.. #.(#


You could see a water moccasin.

Vanquished Creatures
  An ice beast (D:5)
  An ogre (D:5)
  2 centaurs (D:6)
  A scorpion (D:6)
  A hound (D:5)
  2 orc priests (D:5)
  A gnoll bouda (D:6)
  2 jellies
  Ijyb (D:5)
  A sleepcap (D:6)
  2 orc wizards (D:5)
  9 gnolls
  10 adders
  A white imp (D:5)
  3 ufetubi
  2 worms
  A dart slug (D:5)
  7 orcs
  9 ball pythons
  6 bats
  8 endoplasms
  3 giant cockroaches
  10 goblins
  11 hobgoblins
  5 jackals
  5 quokkas
  2 frilled lizards (D:1)
  10 kobolds
  3 rats
120 creatures vanquished.

Notes
Turn   | Place    | Note
-------+----------+-------------------------------------------
     0 | D:1      | spardeous the Demigod Conjurer began the quest for the Orb.
     0 | D:1      | Reached XP level 1. HP: 14/14 MP: 5/5
   342 | D:1      | Reached XP level 2. HP: 20/20 MP: 4/7
   525 | D:1      | Reached skill level 4 in Conjurations
  1083 | D:2      | Found Kevviul's Weapon Shoppe.
  1111 | D:2      | Reached XP level 3. HP: 26/26 MP: 6/9
  1346 | D:2      | Got the Anthology of Glamour
  1406 | D:2      | Learned a level 2 spell: Searing Ray
  1573 | D:2      | Identified the ring "Liummudooph" {Fly Str+6}
  2238 | D:3      | Found Inuw's Book Boutique.
  2512 | D:3      | Reached XP level 4. HP: 33/33 MP: 9/11
  3265 | D:4      | Found a staircase to the Ecumenical Temple.
  3392 | D:4      | Found Qeoxix's Book Shop.
  3914 | D:5      | Entered Level 5 of the Dungeon
  3942 | D:5      | Reached XP level 5. HP: 32/38 MP: 5/13
  4012 | D:5      | Noticed an ogre
  4019 | D:5      | Killed an ogre
  4020 | D:5      | Reached skill level 5 in Conjurations
  4248 | D:5      | Noticed an ice beast
  4255 | D:5      | Killed an ice beast
  4256 | D:5      | Reached XP level 6. HP: 45/45 MP: 7/15
  4758 | D:5      | Reached skill level 6 in Conjurations
  4943 | D:5      | Noticed Ijyb
  4957 | D:5      | Killed Ijyb
  4958 | D:5      | Reached XP level 7. HP: 50/50 MP: 9/17
  5524 | D:6      | Reached skill level 5 in Spellcasting
  6024 | D:6      | Reached skill level 7 in Conjurations
  6036 | D:6      | Slain by a water moccasin

Illustrated notes

Levels and vault maps discovered:
D:1:      dpeg_arrival_stone_temple_mockup, layout_rooms, serial_forest,
          infiniplex_forest_straight_1, infiniplex_forest_clump_cross,
          infiniplex_forest_lined_room_2, infiniplex_forest_zigzag_1,
          infiniplex_forest_clump_diagonal
D:2:      kennysheep_the_goblin_king, layout_rooms, serial_shops, shop
D:3:      layout_loops_ring, serial_shops, nicolae_shop_stone,
          columned_hall_lemuel, hangedman_decor_growths
D:4:      layout_loops_ring, minmay_temple_entry_wispy, serial_shops, shop
D:5:      layout_basic, uniq_ijyb
D:6:      cheibrodos_steamvent, layout_loops_ring,
          nicolae_uskayaw_murder_on_the_dancefloor, grunt_gozag_statues,
          mainiacjoe_overflow_surrounded_room, minmay_starry_boxes

Skill      XL: |  1  2  3  4  5  6  7 |
---------------+----------------------+-----
Spellcasting   | 2 3 4 5 |  5.6
Conjurations   | 4 5 6 7 |  7.0
Dodging        | |  1.7
Stealth        | |  1.7

Action                     |  1- 3 |  4- 6 |  7- 9 || total
---------------------------+-------+-------+-------++-------
   Cast: Magic Dart        |   113 |   110 |    31 ||   254
         Searing Ray       |     1 |     9 |    13 ||    23
 Armour: Robe              |     4 |       |       ||     4
         Ring mail         |       |    14 |     5 ||    19
  Dodge: Dodged            |    11 |    13 |    21 ||    45
